 Dungeon Crawl Stone Soup version 0.25-a0-571-gb5e01bddfa (webtiles) character file.

Game seed: 2679320750921287499, levelgen mode: deterministic

35803 Flugslaktarn the Cleaver (level 13, -13/121 HPs)
             Began as a Deep Dwarf Fighter on Feb 29, 2020.
             Was the Champion of Makhleb.
             Mangled by a white ugly thing (28 damage)
             ... on level 15 of the Dungeon.
             The game lasted 00:09:02 (9141 turns).

Flugslaktarn the Cleaver (Deep Dwarf Fighter)       Turns: 9141, Time: 00:09:03

Health: -13/121    AC: 12    Str: 24    XL:     13   Next: 49%
Magic:  9/9        EV:  7    Int: 10    God:    Makhleb [******]
Gold:   80         SH: 12    Dex: 12    Spells: 12/12 levels left

rFire    . . .     SeeInvis +   O - +0 war axe (vamp)
rCold    . . .     Gourm    .   c - +0 kite shield
rNeg     + . .     Faith    .   E - +0 plate armour (curse)
rPois    .         Spirit   .   L - +2 helmet
rElec    .         Reflect  .   (no cloak)
rCorr    .         Harm     .   A - +2 pair of gloves
MR       ++++.     Clarity  +   (no boots)
Stlth    ..........             B - amulet of the Four Winds {rN+ MR+++ Clar}
HPRegen  0.00/turn              v - +1 ring of evasion
MPRegen  0.11/turn              (no ring)

@: lethally poisoned (-13 -> -13), corroded, non-regenerating
A: damage resistance, heal wounds, iridescent scales 1, see invisible, sense
surroundings 2, no regeneration
a: Heal Wounds, Minor Destruction, Lesser Servant of Makhleb, Major Destruction,
Greater Servant of Makhleb, Renounce Religion


You were on level 15 of the Dungeon.
You worshipped Makhleb.
Makhleb was exalted by your worship.
You were not hungry.

You visited 2 branches of the dungeon, and saw 16 of its levels.
You visited 1 bazaar.

You collected 780 gold pieces.
You spent 700 gold pieces at shops.

Inventory:

Hand Weapons
 a - a +1 war axe
 h - a +2 hand axe of venom
   (You found it on level 11 of the Dungeon)
 O - a +0 vampiric war axe (weapon)
   (You took it off an orc warrior on level 15 of the Dungeon)
Missiles
 z - a throwing net (quivered)
Armour
 c - a +0 kite shield (worn)
 A - a +2 pair of gloves (worn)
   (You found it on level 7 of the Dungeon)
 E - a cursed +0 plate armour (worn)
   (You took it off an orc warrior on level 8 of the Dungeon)
 J - +0 swamp dragon scales
   (You took it off Maggie on level 9 of the Dungeon)
 L - a +2 helmet (worn)
   (You took it off Robin on level 3 of the Dungeon)
Jewellery
 i - a +4 ring of evasion
   (You found it on level 8 of the Dungeon)
 m - an uncursed ring of protection from magic
   (You found it on level 4 of the Dungeon)
 v - a +1 ring of evasion (left hand)
   (You found it on level 4 of the Dungeon)
 y - the amulet "Vaute" {Inacc rElec}
   (You found it on level 10 of the Dungeon)

   [amulet of inaccuracy]

   It reduces the accuracy of all your attacks.
   It insulates you from electricity.
 B - the amulet of the Four Winds (around neck) {rN+ MR+++ Clar}
   (You found it on level 10 of the Dungeon)

   [amulet of nothing]

   It protects you from negative energy.
   It affects your resistance to hostile enchantments.
   It protects you against confusion.
Wands
 g - a wand of iceblast (7)
   (You found it on level 4 of the Dungeon)
 l - a wand of acid (10)
   (You found it on level 5 of the Dungeon)
 p - a wand of paralysis (2)
   (You found it on level 6 of the Dungeon)
Scrolls
 f - 2 scrolls of fog
 k - 8 scrolls of remove curse
 o - a scroll of holy word
 r - 10 scrolls of identify
 t - 7 scrolls of teleportation
 F - a scroll of blinking {unknown}
 H - 5 scrolls of magic mapping
 I - a scroll of vulnerability {unknown}
 K - a scroll of enchant weapon
 M - a scroll of silence {unknown}
Potions
 b - a potion of invisibility
 d - a potion of might
 j - 3 potions of mutation
 n - 5 potions of resistance
 q - 2 potions of curing
 s - 5 potions of brilliance
 u - 3 potions of flight
 w - a potion of stabbing {unknown}
 x - a potion of lignification
 C - 2 potions of ambrosia {unknown}
 D - 2 potions of magic
 G - 3 potions of haste
Comestibles
 e - 23 rations
 N - 27 chunks of flesh


   Skills:
 + Level 9.5 Fighting
 * Level 14.8 Axes
 + Level 11.3 Armour
 + Level 11.1 Shields
 + Level 10.7 Invocations


You had 12 spell levels left.
You didn't know any spells.
Your spell library was empty.

Dungeon Overview and Level Annotations

Branches:
Dungeon (14/15)            Temple (1/1) D:5            Lair (0/6) D:8
    Orc (0/2) D:9
 Vaults: D:13-14

Altars:
Ashenzari
Fedhas
Gozag
Hepliaklqana
Kikubaaqudgha
Makhleb
Nemelex Xobeh
Qazlal
Ru
Sif Muna
Uskayaw
Wu Jian
Xom
Yredelemnul
The Shining One

Shops:
D:9 !   D:11 :   D:12 !

Annotations:
D:9 3 runed translucent doors, Scuka's ghost, novice GrEE
D:11 3 runed translucent doors, Flugslaktarn's ghost, journeyman DDFi
D:13 3 runed translucent doors, Qaryups's ghost, journeyman DrSk


Innate Abilities, Weirdness & Mutations

You are resistant to damage.
You can heal yourself by infusing magical energy.
You passively map the area around you.
You do not regenerate.
You are partially covered in iridescent scales. (AC +2)
You have supernaturally acute eyesight. (SInv)


Message History

You hit the white ugly thing but do no damage.
The white ugly thing is severely wounded.
The white ugly thing engulfs you but does no damage.
You completely miss the white ugly thing.
The white ugly thing is severely wounded.
You block the white ugly thing's attack.
You hit the white ugly thing.
The white ugly thing is severely wounded.
You slash the white ugly thing!
You feel better.
The white ugly thing is almost dead.
The white ugly thing engulfs you!
* * * LOW HITPOINT WARNING * * *
The white ugly thing freezes you!!
* * * LOW HITPOINT WARNING * * *
You slash the white ugly thing!
You feel better.
The white ugly thing is almost dead.
The white ugly thing engulfs you!
* * * LOW HITPOINT WARNING * * *
The white ugly thing freezes you!!
You die...

#########................<.
, , #.#########........ , ,
#.# #........ , ** ###*
#........, , * *
######........ , , , * ,
*#.............,,,, ,, ,*
,#............. , *,
,#..(########## * * , , * ,
#..@u......, , ,
#.†))...... , ,,, , , , ,
#.......... , * ** ** ,,
#..........,, , ,
#.......... , , ,
..........., , , ,,
............ , ,
,.8..........., , * , * , ,
* * ***


You could see a white ugly thing.

Vanquished Creatures
  Gastronok (D:10)
  Josephine (D:10)
  Erolcha (D:9)
  Harold (D:7)
  Erica (D:8)
  3 centaur warriors
  2 two-headed ogres
  2 tengu warriors
  Sonja (D:11)
  Pikel (D:8)
  8 ugly things
  3 cyclopes
  A manticore (D:8)
  A komodo dragon (D:11)
  Maggie (D:9)
  A redback zombie (D:13)
  A tengu conjurer (D:15)
  7 trolls
  Grinder (D:6)
  4 hippogriffs
  6 slime creatures (D:13)
  4 wraiths (D:10)
  3 shadows
  32 yaks
  3 wyverns
  A hungry ghost (D:9)
  7 vampire mosquitoes
  A soldier ant (D:12)
  2 water moccasins
  A two-headed ogre zombie (D:9)
  2 porcupines (D:8)
  8 orc warriors
  A hornet zombie (D:4)
  6 ice beasts
  2 phantoms
  A black bear (D:8)
  4 sky beasts
  2 slaves (D:8)
  8 ogres
  20 centaurs
  11 bullfrogs
  2 gnoll sergeants
  2 scorpions
  3 troll zombies (D:9)
  2 howler monkeys (D:4)
  7 wights (D:7)
  2 electric eels (D:8)
  6 crimson imps
  5 hounds
  A bullfrog zombie (D:6)
  3 centaur zombies
  3 centaur skeletons
  5 orc priests
  2 bullfrog skeletons
  8 jellies
  9 orc wizards
  2 gnoll shamans
  4 iguanas
  14 worker ants
  A killer bee zombie (D:5)
  4 ogre zombies (D:9)
  Robin (D:3)
  22 gnolls
  3 river rats (D:4)
  16 adders
  6 shadow imps
  An ooze (D:6)
  A worm (D:4)
  4 adder skeletons
  9 leopard geckos
  46 orcs
  5 giant cockroaches
  10 goblins
  6 hobgoblins (D:3)
  4 jackals (D:6)
  3 quokkas
  4 ball pythons (D:4)
  3 bats
  6 frilled lizards
  A goblin skeleton (D:9)
  2 goblin zombies (D:9)
  2 hobgoblin skeletons (D:9)
  5 hobgoblin zombies (D:9)
  4 kobolds (D:3)
  4 orc skeletons (D:9)
  11 orc zombies (D:9)
  7 rats
  A spectral orc (D:6)
  3 fungi (D:8)
  3 plants
445 creatures vanquished.

Vanquished Creatures (others)
  A two-headed ogre (D:13)
  A slave (D:8)
  An orc (D:8)
  5 plants (D:13)
8 creatures vanquished.

Grand Total: 453 creatures vanquished

Notes
Turn   | Place    | Note
-------+----------+-------------------------------------------
     0 | D:1      | Flugslaktarn the Deep Dwarf Fighter began the quest for the
                  | Orb.
     0 | D:1      | Reached XP level 1. HP: 20/20 MP: 1/1
   190 | D:3      | Reached XP level 2. HP: 27/27 MP: 2/2
   314 | D:3      | Noticed Robin
   317 | D:3      | Reached skill level 3 in Axes
   317 | D:3      | Reached XP level 3. HP: 30/34 MP: 3/3
   323 | D:3      | Killed Robin
   388 | D:3      | Reached XP level 4. HP: 37/42 MP: 4/4
   592 | D:4      | Reached skill level 4 in Axes
   598 | D:4      | Reached XP level 5. HP: 24/49 MP: 5/5
   690 | D:4      | Found a blossoming altar of Fedhas.
   809 | D:4      | Reached XP level 6. HP: 36/56 MP: 6/6
   824 | D:4      | Reached skill level 5 in Axes
  1496 | D:4      | Found a glowing golden altar of the Shining One.
  1516 | D:4      | Reached XP level 7. HP: 34/64 MP: 6/6
  1603 | D:5      | Entered Level 5 of the Dungeon
  1606 | D:5      | Noticed a yak
  1607 | D:5      | Noticed a yak
  1609 | D:5      | Noticed a yak
  1610 | D:5      | Noticed a yak
  1611 | D:5      | Noticed a yak
  1615 | D:5      | Reached skill level 5 in Armour
  1615 | D:5      | Reached skill level 5 in Shields
  1632 | D:5      | Killed a yak
  1632 | D:5      | Reached skill level 6 in Axes
  1634 | D:5      | Killed a yak
  1641 | D:5      | Reached XP level 8. HP: 28/73 MP: 4/4
  1644 | D:5      | Reached skill level 7 in Axes
  1653 | D:5      | Reached skill level 5 in Fighting
  1709 | D:5      | Reached skill level 8 in Axes
  1806 | D:5      | Gained mutation: You passively map the area around you.
                  | [Deep Dwarf growth]
  1806 | D:5      | Reached XP level 9. HP: 36/81 MP: 3/3
  1928 | D:5      | Found a staircase to the Ecumenical Temple.
  2056 | Temple   | Entered the Ecumenical Temple
  2190 | Temple   | Became a worshipper of Makhleb the Destroyer
  2337 | D:5      | Found a stormy altar of Qazlal.
  2338 | D:5      | Found a sacrificial altar of Ru.
  2441 | D:6      | Reached skill level 1 in Invocations
  2526 | D:6      | Noticed Grinder
  2539 | D:6      | Killed Grinder
  2539 | D:6      | Reached skill level 9 in Axes
  2721 | D:6      | Found a sparkling altar of Nemelex Xobeh.
  2863 | D:6      | Found a basalt altar of Yredelemnul.
  2898 | D:6      | Found an ancient bone altar of Kikubaaqudgha.
  2968 | D:6      | Reached * piety under Makhleb
  3043 | D:7      | Found a shimmering altar of Xom.
  3045 | D:7      | Found a shimmering altar of Xom.
  3045 | D:7      | Found a shimmering altar of Xom.
  3047 | D:7      | Found a shimmering altar of Xom.
  3047 | D:7      | Found a shimmering altar of Xom.
  3049 | D:7      | Found a shimmering altar of Xom.
  3141 | D:7      | Reached skill level 10 in Axes
  3165 | D:7      | Reached XP level 10. HP: 36/92 MP: 5/7
  3235 | D:7      | Noticed Harold
  3269 | D:7      | Killed Harold
  3675 | D:8      | Reached skill level 5 in Invocations
  3770 | D:8      | Noticed Erica
  3805 | D:8      | HP: 4/138 [something (4)]
  3807 | D:8      | Killed Erica
  3807 | D:8      | Reached skill level 11 in Axes
  3874 | D:8      | Found a shattered altar of Ashenzari.
  3958 | D:8      | Reached ** piety under Makhleb
  4180 | D:8      | Noticed Pikel
  4202 | D:8      | Killed Pikel
  4226 | D:8      | Noticed a manticore
  4248 | D:8      | Reached XP level 11. HP: 74/100 MP: 4/4
  4464 | D:8      | Found a staircase to the Lair.
  4662 | D:9      | Noticed Erolcha
  4713 | D:9      | Killed Erolcha
  4749 | D:9      | Reached *** piety under Makhleb
  4781 | D:9      | Found a staircase to the Orcish Mines.
  4787 | D:9      | Reached skill level 12 in Axes
  4861 | D:9      | Noticed Maggie
  4893 | D:9      | Killed Maggie
  5135 | D:9      | Reached **** piety under Makhleb
  5181 | D:9      | Gained mutation: You are partially covered in iridescent
                  | scales. (AC +2) [potion of mutation]
  5181 | D:9      | Gained mutation: You have supernaturally acute eyesight.
                  | (SInv) [potion of mutation]
  5193 | D:9      | Found Ohen's Distillery.
  5201 | D:9      | Found a runed translucent gate.
  5202 | D:9      | Found a runed translucent gate.
  5202 | D:9      | Found a runed translucent gate.
  5204 | D:9      | Noticed Scuka's ghost (novice GrEE)
  5474 | D:10     | Entered Level 10 of the Dungeon
  5537 | D:10     | Got a coiled copper amulet
  5538 | D:10     | Identified the amulet "Vaute" {Inacc rElec} (You found it
                  | on level 10 of the Dungeon)
  5837 | D:10     | Noticed Josephine
  5845 | D:10     | Killed Josephine
  5922 | D:10     | Noticed a two-headed ogre
  5939 | D:10     | Killed a two-headed ogre
  5942 | D:10     | Reached XP level 12. HP: 63/111 MP: 6/6
  6075 | D:10     | Reached ***** piety under Makhleb
  6190 | D:10     | Noticed Gastronok
  6194 | D:10     | Found the amulet of the Four Winds {rN+ MR+++ Clar}
  6215 | D:10     | Killed Gastronok
  6215 | D:10     | Reached skill level 13 in Axes
  6215 | D:10     | Reached skill level 10 in Armour
  6276 | D:10     | Noticed a tengu warrior
  6294 | D:10     | Killed a tengu warrior
  6536 | D:11     | Reached skill level 10 in Shields
  6600 | D:11     | Noticed a two-headed ogre
  6605 | D:11     | Noticed Sonja
  6610 | D:11     | Killed a two-headed ogre
  6736 | D:11     | Killed Sonja
  6755 | D:11     | Found a runed translucent gate.
  6758 | D:11     | Found a runed translucent gate.
  6759 | D:11     | Found a runed translucent gate.
  6759 | D:11     | Noticed Flugslaktarn's ghost (journeyman DDFi)
  6823 | D:11     | Found Litott's Book Shoppe.
  7282 | D:12     | Found Duqeisu's Distillery.
  7285 | D:12     | Bought a potion of haste for 140 gold pieces
  7285 | D:12     | Bought a potion of resistance for 140 gold pieces
  7300 | D:12     | Reached skill level 14 in Axes
  7880 | D:12     | Reached XP level 13. HP: 121/121 MP: 8/8
  8023 | D:13     | Reached skill level 10 in Invocations
  8310 | D:13     | Found a flickering gateway to a bazaar.
  8344 | D:13     | Found a runed translucent gate.
  8344 | D:13     | Found a runed translucent gate.
  8344 | D:13     | Found a runed translucent gate.
  8344 | D:13     | Noticed Qaryups's ghost (journeyman DrSk)
  8445 | Bazaar   | Entered a bazaar
  8446 | Bazaar   | Found Ugoxky's Food Emporium.
  8446 | Bazaar   | Found Cisesch's Distillery.
  8447 | Bazaar   | Found Alla's Book Shop.
  8475 | Bazaar   | Bought a potion of resistance for 150 gold pieces
  8475 | Bazaar   | Bought a potion of resistance for 150 gold pieces
  8475 | Bazaar   | Bought a potion of mutation for 120 gold pieces
  8478 | Bazaar   | Found Loahemn's Gadget Boutique.
  8498 | D:13     | HP: 3/121 [something (14)]
  8535 | D:13     | Found an ornate altar of the Wu Jian Council.
  8841 | D:14     | You fall into a shaft and drop 1 floor!
  8841 | D:15     | Entered Level 15 of the Dungeon
  8980 | D:15     | Reached ****** piety under Makhleb
  9141 | D:15     | Mangled by a white ugly thing

Levels and vault maps discovered:
D:1:      psy_arrival_terrarium, layout_basic
D:2:      layout_rooms
D:3:      layout_loops_ring, uniq_robin
D:4:      layout_gridville, overflow_temple_1_default, lemuel_doored_altar,
          portal_sewer_entry_e, first_ration, saegor_snake_ambush
D:5:      layout_basic, gammafunk_temple_overflow_statue,
          minmay_temple_entry_water_ring, grunt_ministairs_2
D:6:      layout_cave_pools, yredelemnul_forgotten_temple_becter,
          kiku_gazebo_pond_becter, grunt_ministairs_5,
          nemelex_dance_club_becter, uniq_grinder
D:7:      layout_basic, xom_redecorated, uniq_harold
D:8:      kennysheep_big_flooded_room, layout_basic, lemuel_round_altar,
          grunt_lair_entry_orc_guard_hut, uniq_erica, uniq_pikel
D:9:      layout_roguey, zombieorc2_lemuel, serial_shops, shop,
          gammafunk_ghost_spectres, minmay_orc_keep, uniq_erolcha, uniq_maggie
D:10:     minmay_evil_eye, layout_gridville, grunt_tengu_nest, uniq_josephine,
          uniq_gastronok
D:11:     layout_small_grid, ebering_ghost_rock_garden, serial_shops, shop,
          uniq_sonja
D:12:     layout_loops_ring, serial_shops, kennysheep_mini
D:13:     layout_roguey, serial_shops, freezing_bzr, basic_altar,
          gammafunk_ghost_hydra_chop
D:14:     layout_cave_pools, grunt_vaults_entry_tiered, kennysheep_cross_room,
          gammafunk_ghost_arena
D:15:     grunt_enter_depths_hoard, layout_long_grid, kennysheep_flooded_box,
          st_stairs_4, serial_bayou_pond_b, elyvilon_altar_4, uniq_louise
Temple:   minmay_temple_curvy_branch

Skill      XL: |  1  2  3  4  5  6  7  8  9 10 11 12 13 |
---------------+----------------------------------------+-----
Fighting       | 3 4 5 6 7 8 9 |  9.5
Axes           | 3 4 5 6 8 10 11 12 14 | 14.8
Armour         | 4 5 6 7 8 9 10 11 | 11.3
Shields        | 4 5 6 7 8 9 10 11 | 11.1
Invocations    | 4 6 8 9 10 | 10.7

Action                   |  1- 3 |  4- 6 |  7- 9 | 10-12 | 13-15 || total
-------------------------+-------+-------+-------+-------+-------++-------
Melee: War axe           |    89 |   177 |   317 |   802 |    59 ||  1444
       Hand axe          |       |       |       |   207 |   220 ||   427
 Abil: Heal Wounds       |       |     6 |    25 |    23 |     4 ||    58
Evoke: Wand              |       |       |       |     6 |       ||     6
  Use: Scroll            |       |     8 |     6 |    10 |     4 ||    28
       Potion            |       |       |       |     4 |       ||     4
 Stab: Paralysed         |       |       |       |    10 |       ||    10
  Eat: Chunk             |       |     2 |     3 |    21 |     4 ||    30
       Ration            |       |       |     1 |       |       ||     1
Armor: Scale mail        |     8 |       |       |       |       ||     8
       Chain mail        |    43 |   121 |   160 |    56 |       ||   380
       Plate armour      |       |       |       |   356 |   165 ||   521
Dodge: Dodged            |    27 |    52 |   111 |   306 |    82 ||   578
Block: Kite shield       |    48 |   137 |   204 |   598 |   169 ||  1156

Table legend:
 A = Non-vault XP
 B = Vault XP
 C = Vault XP percentage of total XP
 D = Non-vault monster count
 E = Vault monster count
 F = Vault count percentage of total count
                 A         B        C        D         E       F
            +---------+---------+-------+---------+---------+-------
      Total |   37800 |   13348 |  26.1 |     342 |      95 |  21.7
            +---------+---------+-------+---------+---------+-------
        D:2 |      11 |       0 |   0.0 |       8 |       0 |   0.0
        D:3 |      58 |      36 |  38.3 |      22 |      11 |  33.3
        D:4 |     605 |      61 |   9.2 |      31 |      10 |  24.4
        D:5 |    2275 |      50 |   2.2 |      35 |       1 |   2.8
        D:6 |    1609 |     410 |  20.3 |      21 |       5 |  19.2
        D:7 |    1235 |     987 |  44.4 |      17 |       1 |   5.6
        D:8 |    1767 |    2904 |  62.2 |      22 |       9 |  29.0
        D:9 |    3772 |    2491 |  39.8 |      38 |      46 |  54.8
       D:10 |    2636 |    5206 |  66.4 |      35 |       8 |  18.6
       D:11 |    6840 |     791 |  10.4 |      34 |       2 |   5.6
       D:12 |    4880 |       0 |   0.0 |      33 |       0 |   0.0
       D:13 |    3152 |       0 |   0.0 |      16 |       0 |   0.0
       D:14 |    1418 |       0 |   0.0 |       7 |       0 |   0.0
       D:15 |    7542 |     412 |   5.2 |      23 |       2 |   8.0
            +---------+---------+-------+---------+---------+-------
